 Dungeon Crawl Stone Soup version 0.21-a0-498-g1b60429 (webtiles) character file.

5256 tof the Carver (level 10, -3/118 HPs)
             Began as a Demonspawn Berserker on Nov 24, 2017.
             Was a High Priest of Trog.
             Slain by Joseph
             ... wielding a +0 quarterstaff
              (25 damage)
             ... on level 9 of the Dungeon.
             The game lasted 00:15:51 (10001 turns).

tof the Carver (Demonspawn Berserker)              Turns: 10001, Time: 00:15:52

Health: -3/118     AC: 12    Str: 26    XL:     10   Next: 36%
Magic:  10/10      EV: 14    Int:  8    God:    Trog [*****.]
Gold:   245        SH:  0    Dex: 16    Spells: 9/9 levels left

rFire    . . .     SeeInvis .   G - +0 long sword
rCold    . . .     Gourm    +   (no shield)
rNeg     + . .     Faith    .   l - +1 chain mail {rN+}
rPois    +         Spirit   .   (no helmet)
rElec    .         Reflect  .   (no cloak)
rCorr    .         Harm     .   (no gloves)
MR       ++...                  j - +0 pair of boots
Stlth    ..........             L - amulet of the gourmand
HPRegen  1.29/turn              a - +3 ring of strength
MPRegen  0.12/turn              g - ring of poison resistance

@: berserking, regenerating, very quick
A: talons 1, blink, blurry vision 1, powered by pain 1, spiny 1, sturdy frame 2
a: Blink, Berserk, Trog's Hand, Brothers in Arms, Burn Spellbooks, Renounce
Religion


You were on level 9 of the Dungeon.
You worshipped Trog.
Trog was extremely pleased with you.
You were very full.

You visited 1 branch of the dungeon, and saw 9 of its levels.

You collected 456 gold pieces.
You spent 211 gold pieces at shops.

Inventory:

Hand Weapons
 G - a +0 long sword (weapon)
Armour
 j - a +0 pair of boots (worn)
 l - a +1 chain mail of positive energy (worn)
Jewellery
 a - a +3 ring of strength (left hand)
 f - an uncursed ring of see invisible
 g - a ring of poison resistance (right hand)
 L - an amulet of the gourmand (around neck)
Wands
 n - a wand of iceblast (11)
 t - a wand of scattershot (4)
 F - a wand of polymorph (25)
Scrolls
 i - 2 scrolls of blinking
 u - 4 scrolls of remove curse
 v - 4 scrolls of teleportation
 x - a scroll of fear
 y - 2 scrolls of enchant weapon
 A - a scroll of enchant armour
Potions
 b - a potion of cancellation {unknown}
 o - 2 potions of heal wounds
 p - a potion of might
 w - 2 potions of curing
 z - a potion of agility {unknown}
 B - a potion of lignification {unknown}
 C - 2 potions of invisibility
 D - a potion of haste {unknown}
 E - 2 potions of brilliance {unknown}
Books
 I - a book of Geomancy

   Spells                             Type                      Level
   a - Sandblast                      Earth                        1
   b - Passwall                       Transmutation/Earth          2
   c - Stone Arrow                    Conjuration/Earth            3
   d - Petrify                        Transmutation/Earth          4
   e - Lee's Rapid Deconstruction     Earth                        5
   Trog disapproves of the use of such an item.
Miscellaneous
 K - a box of beasts
Comestibles
 c - 3 bread rations
 d - 2 meat rations
 h - a royal jelly
 q - 4 fruits


   Skills:
 + Level 7.5 Fighting
 * Level 9.4 Long Blades
 + Level 6.5 Armour
 + Level 6.5 Dodging


You had 9 spell levels left.
You didn't know any spells.

Dungeon Overview and Level Annotations

Branches:
Dungeon (9/15)             Temple (0/1) D:6            Lair (0/6) D:9
    Orc: D:9-12

Altars:
Ashenzari
Cheibriados
Dithmenos
Elyvilon
Fedhas
Gozag
Okawaru
Qazlal
Trog
Xom
Yredelemnul
Zin

Shops:
D:4 }   D:9 *

Annotations:
D:7 walls
D:9 Joseph


Innate Abilities, Weirdness & Mutations

You have sharp toenails.
You sometimes gain a little power by taking damage.
You are partially covered in sharp spines.
Your movements are less encumbered by armour. (ER -4)
You can translocate small distances at will.
Scrolls take you a little longer to read.


Message History

You feel resistant to hostile enchantments.
Joseph is struck by your spines. Joseph closely misses you.
Joseph is struck by your spines. Joseph hits you but does no damage.
A red film seems to cover your vision as you go berserk!
You feel yourself moving faster!
You feel mighty!
You feel a lot less full. Joseph closely misses you.
You hit Joseph.
Joseph is moderately wounded.
Joseph is struck by your spines. Joseph hits you with a quarterstaff!
You slash Joseph!
Joseph is heavily wounded.
Joseph misses you.
You barely miss Joseph.
Joseph is heavily wounded.
Joseph is struck by your spines. Joseph hits you with a quarterstaff!!
* * * LOW HITPOINT WARNING * * *
You slash Joseph!
Joseph is severely wounded.
Joseph is struck by your spines. Joseph hits you with a quarterstaff!!
You die...

####...####.........
...#...# #...##### ..
...#...# #...#...# .
...#)..# #...'._.# .###
...#...# #...#...#.....
...'...# ##...#####...#
...'...###....).......#
...#...........))@....#
...##...........@.....#
....#........####.....#
#####........ .(...#
............. ##(..#
............. ...#
####.<....... ..#
#......... .#
#......... .#
#.........


You could see Joseph (berserk).

Vanquished Creatures
  The ghost of Gildeon the Bolt Thrower, a novice DgHu (D:8)
  Pikel (D:6)
  2 komodo dragons (D:9)
  A wyvern (D:9)
  3 yaks (D:9)
  2 basilisks (D:9)
  A steam dragon (D:9)
  A black bear (D:6)
  2 sky beasts
  5 ogres
  2 phantoms
  A centaur (D:8)
  2 big kobolds (D:7)
  A bullfrog (D:6)
  A scorpion (D:8)
  9 wights
  A howler monkey (D:3)
  2 crimson imps
  5 orc priests
  4 hounds
  2 jellies (D:7)
  10 orc wizards
  A bullfrog skeleton (D:8)
  2 iguanas
  5 worker ants
  A howler monkey skeleton (D:7)
  14 adders
  3 shadow imps
  3 oozes
  An adder zombie (D:9)
  A worm (D:2)
  10 dart slugs
  4 leopard geckos
  31 orcs
  3 giant cockroaches
  8 goblins
  A hobgoblin (D:1)
  10 jackals
  14 kobolds
  5 quokkas
  2 ball pythons
  A ball python zombie (D:5)
  16 bats
  4 frilled lizards
  7 rats
  A spectral orc (D:2)
207 creatures vanquished.

Vanquished Creatures (others)
  A two-headed ogre (D:8)
  A crocodile (D:8)
  A big kobold (D:8)
  A bullfrog (D:8)
  An iguana (D:8)
  An orc wizard (D:8)
  A worker ant (D:6)
  2 orcs (D:8)
  A fungus (D:8)
10 creatures vanquished.

Grand Total: 217 creatures vanquished

Notes
Turn   | Place    | Note
-------+----------+-------------------------------------------
     0 | D:1      | tof the Demonspawn Berserker began the quest for the Orb.
     0 | D:1      | Reached XP level 1. HP: 18/18 MP: 1/1
   221 | D:1      | Gained mutation: You are partially covered in sharp spines. [demonic ancestry]
   221 | D:1      | Reached XP level 2. HP: 22/24 MP: 2/2
   242 | D:1      | Reached skill level 3 in Long Blades
   919 | D:2      | Reached XP level 3. HP: 29/29 MP: 3/3
   938 | D:2      | Reached ** piety under Trog
  1247 | D:2      | Found a white marble altar of Elyvilon.
  1325 | D:2      | Found a basalt altar of Yredelemnul.
  1979 | D:3      | Reached XP level 4. HP: 22/35 MP: 4/4
  2511 | D:3      | Gained mutation: Your movements are slightly less encumbered by armour. (ER -2) [demonic ancestry]
  2511 | D:3      | Reached XP level 5. HP: 41/42 MP: 5/5
  2664 | D:3      | Reached skill level 4 in Long Blades
  2795 | D:3      | Noticed an ogre
  2800 | D:3      | Killed an ogre
  2929 | D:3      | Reached XP level 6. HP: 48/48 MP: 6/6
  2933 | D:3      | Reached *** piety under Trog
  3255 | D:3      | Found an iron altar of Okawaru.
  3255 | D:3      | Found a bloodstained altar of Trog.
  3787 | D:4      | Found Meoqimif's Gadget Boutique.
  3882 | D:4      | Reached skill level 5 in Long Blades
  4175 | D:4      | Found a shattered altar of Ashenzari.
  4379 | D:4      | Reached XP level 7. HP: 32/55 MP: 7/7
  4832 | D:5      | Entered Level 5 of the Dungeon
  5543 | D:5      | Found Zin's Purification Station.
  5546 | D:5      | Found a glowing silver altar of Zin.
  5551 | D:5      | Bought a potion of curing for 90 gold pieces
  5591 | D:5      | Gained mutation: You can translocate small distances at will. [mutagenic meat]
  5592 | D:5      | Gained mutation: Your movements are less encumbered by armour. (ER -4) [mutagenic meat]
  5593 | D:5      | Gained mutation: Scrolls take you a little longer to read. [mutagenic meat]
  5839 | D:6      | Reached skill level 5 in Fighting
  5839 | D:6      | Reached skill level 6 in Long Blades
  5853 | D:6      | Gained mutation: You sometimes gain a little power by taking damage. [demonic ancestry]
  5853 | D:6      | Reached XP level 8. HP: 20/62 MP: 8/8
  6005 | D:6      | Noticed Pikel
  6017 | D:6      | Killed Pikel
  6190 | D:6      | Reached skill level 7 in Long Blades
  6393 | D:6      | Reached **** piety under Trog
  6683 | D:6      | Found a staircase to the Ecumenical Temple.
  6888 | D:7      | Reached skill level 5 in Dodging
  6945 | D:7      | Reached skill level 5 in Armour
  7020 | D:7      | Reached XP level 9. HP: 67/69 MP: 9/9
  7021 | D:7      | Found a stormy altar of Qazlal.
  7712 | D:7      | Reached ***** piety under Trog
  8011 | D:7      | Found an opulent altar of Gozag.
  8213 | D:8      | Found a blossoming altar of Fedhas.
  8220 | D:8      | Killed a two-headed ogre
  8361 | D:8      | Reached skill level 8 in Long Blades
  8561 | D:8      | Received a gift from Trog
  8758 | D:8      | Noticed Gildeon's ghost (novice DgHu)
  8769 | D:8      | Killed Gildeon's ghost
  8870 | D:8      | Found a shimmering altar of Xom.
  8929 | D:9      | Found Hatritt's Island Escapes.
  9017 | D:9      | Gained mutation: You have sharp toenails. [demonic ancestry]
  9017 | D:9      | Reached XP level 10. HP: 37/79 MP: 10/10
  9030 | D:9      | Found a shadowy altar of Dithmenos.
  9285 | D:9      | Bought a scroll of teleportation for 33 gold pieces
  9285 | D:9      | Bought a potion of invisibility for 88 gold pieces
  9389 | D:9      | Reached skill level 9 in Long Blades
  9814 | D:9      | Found a staircase to the Lair.
  9967 | D:9      | Found a snail-covered altar of Cheibriados.
  9984 | D:9      | Noticed Joseph
 10001 | D:9      | Slain by Joseph

Vault maps used:
D:1:      lightli_arrival_farm, minmay_door_square
D:2:      yredelemnul_forgotten_temple_becter, elyvilon_altar_1
D:3:      chequers_temple_overflow_statue_of_worship, nrook_mini_vaults
D:4:      kennysheep_slugbush, serial_shops, shop, cheibrodos_ashenzari_chains
D:5:      zin_purify, first_bread
D:6:      minmay_temple_entry_mist, uniq_pikel
D:7:      kennysheep_mini_moat, nicolae_qazlal_eye_of_the_storm
D:8:      xom_confusion_cloud, fedhas_altar_3
D:9:      grunt_dithmenos_smoke_and_mirrors, slow_altar_2, erik_lair_dragon,
          serial_column_ruins, column_ruins_temple_hut,
          column_ruins_square_large, column_ruins_corridor_straight,
          column_ruins_open_large, column_ruins_open_tiny,
          column_ruins_open_small, column_ruins_grid_1, column_ruins_columns_T,
          the_bakery, nicolae_island_escapes, uniq_joseph

Skill      XL: |  1  2  3  4  5  6  7  8  9 10 |
---------------+-------------------------------+-----
Long Blades    | 3 4 5 6 7 8 9 |  9.4
Armour         | 2 3 4 5 6 |  6.5
Dodging        | 2 3 4 5 6 |  6.5
Fighting       | 4 5 6 7 |  7.5

Action                   |  1- 3 |  4- 6 |  7- 9 | 10-12 || total
-------------------------+-------+-------+-------+-------++-------
Melee: Falchion          |    65 |   100 |   202 |       ||   367
       Long sword        |       |       |   114 |    69 ||   183
Throw: Javelin           |       |       |    15 |     5 ||    20
Invok: Berserk           |     1 |     2 |     5 |     2 ||    10
       Burn Spellbooks   |     1 |       |       |       ||     1
       Trog's Hand       |       |       |     4 |     2 ||     6
 Abil: Blink             |       |       |       |     5 ||     5
  Use: Potion            |       |     5 |       |       ||     5
       Scroll            |       |       |     2 |     9 ||    11
 Stab: Sleeping          |     1 |       |       |       ||     1
  Eat: Bread ration      |     1 |       |     1 |       ||     2
       Chunk             |       |     8 |    24 |    15 ||    47
Armor: Scale mail        |    28 |    48 |    74 |       ||   150
       Animal skin       |     4 |       |       |       ||     4
       Chain mail        |       |       |    23 |     8 ||    31
Dodge: Dodged            |    54 |    63 |   181 |    40 ||   338
       Rpst.: Falchion   |    21 |    18 |    38 |       ||    77
       Long sword        |       |       |    20 |    13 ||    33

Table legend:
 A = Spawn XP
 B = Non-spawn XP
 C = Spawn XP percentage of total XP
 D = Spawn monster count
 E = Non-spawn monster count
 F = Spawn count percentage of total count
 G = Total turns spent on level
                    A         B        C        D         E        F      G
               +---------+---------+-------+---------+---------+-------+---------
         Total |       0 |    7509 |   0.0 |       0 |     207 |   0.0 | 10001
               +---------+---------+-------+---------+---------+-------+---------
           D:1 |       0 |      39 |   0.0 |       0 |      21 |   0.0 |   916
           D:2 |       0 |      46 |   0.0 |       0 |      18 |   0.0 |  1044
           D:3 |       0 |     461 |   0.0 |       0 |      37 |   0.0 |  1647
           D:4 |       0 |     253 |   0.0 |       0 |      16 |   0.0 |  1225
           D:5 |       0 |     448 |   0.0 |       0 |      13 |   0.0 |   977
           D:6 |       0 |    1351 |   0.0 |       0 |      27 |   0.0 |  1074
           D:7 |       0 |     946 |   0.0 |       0 |      38 |   0.0 |  1330
           D:8 |       0 |    1436 |   0.0 |       0 |      19 |   0.0 |   702
           D:9 |       0 |    2529 |   0.0 |       0 |      18 |   0.0 |  1086
               +---------+---------+-------+---------+---------+-------+---------
